 Dungeon Crawl Stone Soup version 0.23.2-30-g0e89c35649 (webtiles) character file.

Game seed: 15126532140113281177

422 Mrkan the Cudgeler (level 6, -2/40 HPs)
             Began as a Gargoyle Monk on June 24, 2019.
             Was a Believer of Qazlal.
             Slain by an ogre
             ... wielding a cursed -3 giant club
              (16 damage)
             ... on level 4 of the Dungeon.
             The game lasted 00:06:11 (2662 turns).

Mrkan the Cudgeler (Gargoyle Monk)                  Turns: 2662, Time: 00:06:12

Health: -2/40      AC: 14    Str: 17    XL:     6   Next: 95%
Magic:  5/6        EV:  5    Int: 10    God:    Qazlal [**....]
Gold:   90         SH:  2    Dex: 12    Spells: 5/5 levels left

rFire    . . .     SeeInvis .   a - +0 mace
rCold    . . .     Gourm    .   (no shield)
rNeg     + . .     Faith    .   j - +0 plate armour
rPois    ∞         Spirit   .   (no helmet)
rElec    +         Reflect  .   (no cloak)
rCorr    .         Harm     .   (no gloves)
MR       .....                  (no boots)
Stlth    ..........             (no amulet)
HPRegen  0.13/turn              (no ring)
MPRegen  0.10/turn              (no ring)

@: no status effects
A: negative energy resistance 1, electricity resistance, unbreathing,
petrification resistance, rot immunity, AC +4
a: Upheaval, Renounce Religion


You were on level 4 of the Dungeon.
You worshipped Qazlal.
Qazlal was pleased with you.
You were hungry.

You visited 1 branch of the dungeon, and saw 4 of its levels.
You also visited: Sewer.

You collected 90 gold pieces.

Inventory:

Hand Weapons
 a - a +0 mace (weapon)
Armour
 j - a +0 plate armour (worn)
Jewellery
 r - a cursed amulet of inaccuracy {unknown}
 u - an uncursed ring of see invisible {unknown}
Scrolls
 b - a scroll of fear
 e - 3 scrolls of remove curse
 f - a scroll of enchant armour {unknown}
 h - a scroll of immolation {unknown}
 i - 8 scrolls of identify {unknown}
 l - 2 scrolls of magic mapping {unknown}
 o - a scroll of silence {unknown}
 q - a scroll of blinking {unknown}
 t - a scroll of enchant weapon {unknown}
Potions
 g - 3 potions of curing
 k - a potion of lignification {unknown}
 m - a potion of degeneration {unknown}
 n - 2 potions of agility {unknown}
 p - a potion of ambrosia {unknown}
 s - a potion of might {unknown}
 v - a potion of magic {unknown}
Comestibles
 c - 9 rations


   Skills:
 + Level 5.4 Fighting
 * Level 6.3 Maces & Flails
 - Level 2.4 Dodging
 - Level 2.1 Stealth
 + Level 0.8 Invocations


You had 5 spell levels left.
You didn't know any spells.
Your spell library was empty.

Dungeon Overview and Level Annotations

Branches:
Dungeon (4/15)
 Temple: D:4-7

Altars:
Elyvilon
Fedhas
Hepliaklqana
Nemelex Xobeh
Qazlal
Xom
Zin

Annotations:
D:4 1 runed translucent door, Crazy Yiuf, Pikel


Innate Abilities, Weirdness & Mutations

You are resistant to torment.
Your stone body is resilient. (AC +4)
You are immune to poison.
You resist negative energy. (rN+)
You are resistant to electric shocks. (rElec)
You can survive without breathing.
You are immune to petrification.
You are immune to rotting.


Message History

The ogre is heavily wounded.
The ogre closely misses you.
You hit the ogre.
The ogre is heavily wounded.
The ogre closely misses you.
Your plate armour prevents you from hitting the ogre.
The ogre is heavily wounded.
The ogre closely misses you.
You hit the ogre.
The ogre is severely wounded.
The ogre hits you but does no damage.
You hit the ogre.
The ogre is almost dead.
You block the ogre's attack.
You barely miss the ogre.
The ogre is almost dead.
You completely miss the ogre.
The ogre is almost dead.
The ogre hits you with a cursed -3 giant club!
You die...

♣....♣
#............
♣...♣♣
#........### ♣♣.♣♣
#####....# ######
♣.♣♣ #####....#
#..... ♣♣.♣
#........# #.....
♣.♣♣ #####....##
#..... ♣♣.♣
#>........###.....
#+#
#.................
...
#@###....#.##.....
#...# #O#
#....#.#######
#..)# #K#
#.............
##### #p#
#...###.###### #p#
#...###..#####
######.#
#.............
#......#
#.............
#......#
#.............
#..K...#
#...#...(.....


You could see Pikel, an ogre and 2 slaves.

Vanquished Creatures
  Purgy (Sewer)
  A slave (D:4)
  A big kobold (Sewer)
  2 scorpions
  6 adders
  An ooze (D:3)
  4 worms (D:3)
  3 dart slugs (D:1)
  4 leopard geckos
  7 orcs
  A ball python (D:3)
  7 giant cockroaches
  3 goblins
  4 hobgoblins
  4 jackals (D:3)
  7 kobolds
  A quokka (D:2)
  A ball python skeleton (D:4)
  8 bats
  6 frilled lizards
  12 rats
84 creatures vanquished.

Notes
Turn   | Place    | Note
-------+----------+-------------------------------------------
     0 | D:1      | Mrkan the Gargoyle Monk began the quest for the Orb.
     0 | D:1      | Reached XP level 1. HP: 14/14 MP: 1/1
   215 | D:1      | Reached XP level 2. HP: 12/19 MP: 2/2
   755 | D:2      | Reached XP level 3. HP: 22/24 MP: 3/3
   891 | D:2      | Reached skill level 4 in Maces & Flails
  1220 | D:2      | Found a sparkling altar of Nemelex Xobeh.
  1292 | D:2      | Reached XP level 4. HP: 21/29 MP: 4/4
  1344 | D:2      | Found a hazy altar of Hepliaklqana.
  1466 | D:3      | Reached XP level 5. HP: 24/34 MP: 5/5
  1478 | D:3      | Reached skill level 5 in Maces & Flails
  1500 | D:3      | Found a glowing drain.
  1524 | D:3      | Found a white marble altar of Elyvilon.
  1555 | Sewer    | Entered a sewer
  1632 | Sewer    | Noticed Purgy
  1652 | Sewer    | Killed Purgy
  1652 | Sewer    | Reached skill level 5 in Fighting
  1652 | Sewer    | Reached XP level 6. HP: 25/40 MP: 6/6
  1734 | Sewer    | Reached skill level 6 in Maces & Flails
  1934 | D:3      | Found a blossoming altar of Fedhas.
  1986 | D:3      | Found a shimmering altar of Xom.
  1990 | D:3      | Found a glowing silver altar of Zin.
  1993 | D:3      | Found a stormy altar of Qazlal.
  2091 | D:3      | Became a worshipper of Qazlal Stormbringer
  2091 | D:3      | Reached * piety under Qazlal
  2091 | D:3      | Reached ** piety under Qazlal
  2583 | D:4      | Found a runed translucent door.
  2584 | D:4      | Noticed Crazy Yiuf
  2616 | D:4      | Noticed Pikel
  2616 | D:4      | Noticed a slave
  2616 | D:4      | Noticed a slave
  2617 | D:4      | Noticed a slave
  2617 | D:4      | Noticed a slave
  2655 | D:4      | Killed a slave
  2662 | D:4      | Slain by an ogre

Skill      XL: |  1  2  3  4  5  6 |
---------------+-------------------+-----
Maces & Flails | 4 5 6 |  6.3
Fighting       | 4 5 |  5.4
Dodging        | |  2.4
Stealth        | |  2.1
Invocations    | |  0.8

Action                   |  1- 3 |  4- 6 || total
-------------------------+-------+-------++-------
Melee: Mace              |   153 |   275 ||   428
Invok: Upheaval          |       |     1 ||     1
  Use: Scroll            |     1 |     1 ||     2
       Potion            |       |     1 ||     1
 Stab: Sleeping          |     2 |       ||     2
  Eat: Chunk             |     1 |     5 ||     6
Armor: Robe              |    34 |       ||    34
       Plate armour      |   128 |   238 ||   366
Dodge: Dodged            |    87 |    79 ||   166
Block: Other             |       |     7 ||     7
